 Dungeon Crawl Stone Soup version 0.31-a0-202-g547052bce9 (webtiles) character file.

Game seed: 15938211491236450151

120 qw the Skirmisher (level 4, -6/25 HPs)
             Began as a Deep Elf Hunter on June 26, 2023.
             Mangled by an orc
             ... wielding a +0 flail
              (7 damage)
             ... on level 3 of the Dungeon.
             The game lasted 00:00:48 (1717 turns).

qw the Skirmisher (Deep Elf Hunter)                 Turns: 1717, Time: 00:00:49

Health: -6/25      AC:  6    Str: 10    XL:     4   Next: 75%
Magic:  6/6        EV: 11    Int: 14    God:
Gold:   113        SH:  0    Dex: 24    Spells: 3/3 levels left

rFire   . . .        a - +0 orcbow
rCold   . . .        (shield currently unavailable)
rNeg    . . .        l - +0 ring mail
rPois   .            (no helmet)
rElec   .            (no cloak)
rCorr   .            k - +0 pair of gloves
SInv    .            (no boots)
Will    +....        (no amulet)
Stlth   ++           h - ring of willpower
HPRegen 0.24/turn    f - +6 ring of dexterity
MPRegen 0.10/turn

%: no passive effects
@: no status effects
A: no striking features
a: no special abilities


You were on level 3 of the Dungeon.
You visited 1 branch of the dungeon, and saw 3 of its levels.

You collected 113 gold pieces.


   Skills:
 - Level 1.5 Fighting
 - Level 8.2 Ranged Weapons
 + Level 2.4 Dodging
 - Level 1.2 Stealth


You had 3 spell levels left.
You didn't know any spells.
Your spell library was empty.

Inventory:

Hand Weapons
 a - a +0 orcbow (weapon)
Armour
 k - a +0 pair of gloves (worn)
 l - a +0 ring mail (worn)
Jewellery
 f - a +6 ring of dexterity (right hand)
 h - a ring of willpower (left hand)
Scrolls
 d - a scroll of identify
 m - a scroll of poison {unknown}
Potions
 b - a potion of invisibility {unknown}
 c - a potion of resistance {unknown}
 e - a potion of lignification {unknown}
 g - 2 potions of enlightenment {unknown}
 i - 3 potions of curing
 j - a potion of berserk rage {unknown}

Dungeon Overview and Level Annotations

Branches:
Dungeon (3/15)

Altars:
Cheibriados
Uskayaw
Vehumet
Xom
Yredelemnul


Message History

An orc comes into view. It is wielding a +0 flail.
Enter note:
Enter note:
Enter note:
Enter note:
Enter note:
Enter note:
Enter note:
Enter note:
Enter note: You shoot an arrow.
The arrow completely misses the orc wizard.
The arrow barely misses the orc.
An orc comes into view. It is wielding a +0 whip.
You shoot an arrow. The orc shouts!
The arrow hits the orc wizard!
The orc wizard is severely wounded.
A kobold comes into view. It is wielding a +0 whip.
You shoot an arrow.
The arrow closely misses the orc wizard.
The arrow hits the orc but does no damage.
You shoot an arrow.
The arrow closely misses the orc wizard.
The orc wizard hits you but does no damage.
The orc misses you.
You shoot an arrow.
The arrow hits the orc but does no damage.
The orc hits you with a +0 flail.
You shoot an arrow. The arrow closely misses the orc.
The orc barely misses you. The orc hits you with a +0 flail!
You shoot an arrow. The arrow hits the orc wizard!
You kill the orc wizard!
The orc hits you with a +0 flail. x2; The orc closely misses you.
The orc hits you with a +0 flail.
Your Ranged Weapons skill increases to level 8!
You shoot an arrow. The arrow hits the orc!
You kill the orc!
The orc hits you with a +0 flail!
You die...

#......# #......#
#......#####
##..........#
#....#.(....#
#...o#......#
#..Ko#).....#
#o@......# ##.......#
#######......#
#.........####
#.......#.#########
#.................#
#.................#####
#.................#....
#######...........#....


You could see 3 orcs and a kobold.

Vanquished Creatures
  An orc wizard (D:3)
  3 adders
  3 dart slugs
  An orc (D:3)
  7 ball pythons
  7 bats
  5 endoplasms
  3 giant cockroaches
  7 goblins
  4 hobgoblins
  2 jackals (D:3)
  2 quokkas
  5 frilled lizards
  5 kobolds
  10 rats
65 creatures vanquished.

Notes
Turn   | Place    | Note
-------+----------+-------------------------------------------
     0 | D:1      | qw the Deep Elf Hunter began the quest for the Orb.
     0 | D:1      | Reached XP level 1. HP: 12/12 MP: 3/3
     0 | D:1      | 0 ||| qw: Version: 0.3-a-22-g0ed2b0b
     0 | D:1      | 0 ||| qw: Game counter: 6260
     0 | D:1      | 0 ||| qw: Melee chars always use a shield: true
     0 | D:1      | 0 ||| qw: God list: Okawaru
     0 | D:1      | 0 ||| qw: Allow faded altars: false
     0 | D:1      | 0 ||| qw: Do Orc after clearing Dungeon:15 true
     0 | D:1      | 0 ||| qw: Do second Lair branch before Depths: true
     0 | D:1      | 0 ||| qw: Lair rune preference: random
     0 | D:1      | 0 ||| qw: Goals: Normal
     0 | D:1      | 0 ||| PLANNING D:1-11
   125 | D:1      | Reached XP level 2. HP: 16/16 MP: 4/4
   161 | D:1      | Reached skill level 6 in Ranged Weapons
   600 | D:1      | Reached XP level 3. HP: 20/20 MP: 5/5
   601 | D:1      | 601 ||| UPGRADING to +0 scale mail.
   611 | D:1      | 611 ||| DROPPING +0 leather armour.
   612 | D:1      | 612 ||| UPGRADING to +0 pair of gloves.
   617 | D:1      | 617 ||| UPGRADING to +0 ring mail.
   627 | D:1      | 627 ||| DROPPING +0 scale mail.
   628 | D:1      | 628 ||| UPGRADING to ring of willpower.
   629 | D:1      | 629 ||| READING scroll labelled WIUNOT WEQAPH.
   630 | D:1      | 630 ||| READING scroll labelled LIEREAGET.
   631 | D:1      | 631 ||| READING scroll labelled TEOLUNT ROCH.
   632 | D:1      | 632 ||| DROPPING scroll of butterflies.
   689 | D:2      | 689 ||| SWAPPING to +0 orcbow.
   690 | D:2      | 690 ||| DROPPING +0 shortbow.
   849 | D:2      | Found a faded altar of an unknown god.
   881 | D:2      | Reached skill level 7 in Ranged Weapons
  1278 | D:2      | 1278 ||| UPGRADING to +6 ring of dexterity.
  1279 | D:2      | 1279 ||| DRINKING 2 coppery potions.
  1280 | D:2      | 1280 ||| DRINKING 2 puce potions.
  1281 | D:2      | 1281 ||| DROPPING potion of attraction.
  1306 | D:3      | Found a shimmering altar of Xom.
  1351 | D:3      | Found a basalt altar of Yredelemnul.
  1352 | D:3      | Found a radiant altar of Vehumet.
  1352 | D:3      | Found a snail-covered altar of Cheibriados.
  1352 | D:3      | Found a hide-covered altar of Uskayaw.
  1355 | D:3      | Reached XP level 4. HP: 25/25 MP: 6/6
  1716 | D:3      | HP: 3/25 [orc/+0 flail (4)]
  1716 | D:3      | HP: 1/25 [orc/+0 flail (2)]
  1717 | D:3      | Reached skill level 8 in Ranged Weapons
  1717 | D:3      | Mangled by an orc

Levels and vault maps discovered:
D:1:      minmay_arrival_hallway, layout_loops_ring
D:2:      kb_forest_paths, layout_basic,
          shapermc_ecumenical_altar_starsandcircs, serial_glass,
          glass_columns_c, glass_columns_a, glass_columns_a, glass_columns_a,
          glass_columns_a, glass_columns_a
D:3:      layout_basic, chequers_temple_overflow_statue_of_worship,
          lemuel_doored_altar

Skill      XL: |  1  2  3  4 |
---------------+-------------+-----
Ranged Weapons | 6 7 8 |  8.2
Fighting       | |  1.5
Dodging        | |  2.4
Stealth        | |  1.2

Action                     |  1- 3 |  4- 6 || total
---------------------------+-------+-------++-------
   Fire: Shortbow          |    72 |       ||    72
         Orcbow            |    59 |    31 ||    90
    Use: Scroll            |     3 |       ||     3
         Potion            |     2 |       ||     2
 Armour: Leather armour    |     4 |       ||     4
         Ring mail         |    17 |     2 ||    19
  Dodge: Dodged            |    22 |     4 ||    26

Table legend:
 A = Non-vault XP
 B = Vault XP
 C = Vault XP percentage of total XP
 D = Non-vault monster count
 E = Vault monster count
 F = Vault count percentage of total count
                 A         B        C        D         E       F
            +---------+---------+-------+---------+---------+-------
      Total |     165 |      10 |   5.7 |      59 |       6 |   9.2
            +---------+---------+-------+---------+---------+-------
        D:1 |      41 |       0 |   0.0 |      23 |       0 |   0.0
        D:2 |      34 |      10 |  22.7 |      15 |       6 |  28.6
        D:3 |      90 |       0 |   0.0 |      21 |       0 |   0.0
            +---------+---------+-------+---------+---------+-------
